| TOP OF THE 1ST |
|
Coos Bay-North Bend Blue Soxs batting - Pitching for Kennewick Bear Cubs : LHP Ramon Mascorro
|
|
Pitching: LHP Ramon Mascorro
|
|
|
Batting: LHB Dwight Taylor
|
0-0: Ground out 6-3 (Groundball, 6M, EV 83.8 MPH)
|
|
Batting: LHB Curt Reed
|
0-0: Called Strike 0-1: Fly out, F8 (Flyball, 8LXD, EV 100.0 MPH)
|
|
Batting: RHB Bob Gergen
|
0-0: Ball 1-0: Called Strike 1-1: Called Strike 1-2: Fly out, F9 (Flyball, 89D, EV 84.4 MPH)
|
| Top of the 1st over - 0 runs, 0 hits, 0 errors, 0 left on base; Coos Bay-North Bend 0 - Kennewick 0 |
| BOTTOM OF THE 1ST |
|
Kennewick Bear Cubs batting - Pitching for Coos Bay-North Bend Blue Soxs : RHP Leo Rico
|
|
Pitching: RHP Leo Rico
|
|
|
Batting: RHB Matthew Sferrazza
|
0-0: Foul Ball, location: 2F 0-1: Ball 1-1: Ball 2-1: Ball 3-1: Base on Balls
|
|
Batting: SHB Eriberto Them
|
0-0: Ball 1-0: Fly out, F7 (Flyball, 78M, EV 93.1 MPH)
|
|
Batting: LHB Jose Birriel
|
0-0: Called Strike 0-1: Called Strike 0-2: Ball 1-2: Ball Matthew Sferrazza steals 2nd, throwing error, E2 Matthew Sferrazza to third 2-2: Ball 3-2: Ground out 2-3 (Groundball, 13S, EV 65.6 MPH)
|
|
Batting: RHB Jonathan Black
|
0-0: Called Strike 0-1: 2-RUN HOME RUN (Flyball, 78XD, EV 100.0 MPH), Distance : 415 ft
|
|
Batting: RHB Roger Jensen
|
0-0: Fly out, F9 (Flyball, 9LM, EV 101.3 MPH)
|
| Bottom of the 1st over - 2 runs, 1 hit, 1 error, 0 left on base; Coos Bay-North Bend 0 - Kennewick 2 |
| TOP OF THE 2ND |
|
Coos Bay-North Bend Blue Soxs batting - Pitching for Kennewick Bear Cubs : LHP Ramon Mascorro
|
|
Batting: LHB Benny Distefano
|
0-0: Fly out, F5 (Popup, 6S, EV 81.9 MPH)
|
|
Batting: RHB Danny Quintana
|
0-0: Ball 1-0: Ball 2-0: Foul Ball, location: 2F 2-1: Ball 3-1: Foul Ball, location: 2F 3-2: Ground out 4-3 (Groundball, 13, EV 85.6 MPH)
|
|
Batting: RHB James Stefanski
|
0-0: Called Strike 0-1: Hit by Pitch
|
|
Batting: RHB Carlos Salinas
|
0-0: Called Strike 0-1: Ground out 1-3 (Groundball, 15S, EV 62.5 MPH)
|
| Top of the 2nd over - 0 runs, 0 hits, 0 errors, 1 left on base; Coos Bay-North Bend 0 - Kennewick 2 |
| BOTTOM OF THE 2ND |
|
Kennewick Bear Cubs batting - Pitching for Coos Bay-North Bend Blue Soxs : RHP Leo Rico
|
|
Batting: RHB Ruben Machado
|
0-0: Called Strike 0-1: Called Strike 0-2: SOLO HOME RUN (Flyball, 7D, EV 91.9 MPH), Distance : 372 ft
|
|
Batting: LHB Shane Fairbanks
|
0-0: Ball 1-0: Foul Ball, location: 2F 1-1: Foul Ball, location: 2F 1-2: Ball 2-2: Foul Ball, location: 2F 2-2: Ground out 4-3 (Groundball, 4, EV 86.3 MPH)
|
|
Batting: LHB John Mizerock
|
0-0: Called Strike 0-1: TRIPLE (Flyball, 78XD, EV 102.5 MPH)
|
|
Batting: RHB William Nunez
|
0-0: Called Strike 0-1: Ball 1-1: Ball 2-1: Swinging Strike 2-2: Strikes out swinging
|
|
Batting: RHB Matthew Sferrazza
|
0-0: Ground out 6-3 (Groundball, 6, EV 89.4 MPH)
|
| Bottom of the 2nd over - 1 run, 2 hits, 0 errors, 1 left on base; Coos Bay-North Bend 0 - Kennewick 3 |
| TOP OF THE 3RD |
|
Coos Bay-North Bend Blue Soxs batting - Pitching for Kennewick Bear Cubs : LHP Ramon Mascorro
|
|
Batting: LHB Pat Castiglia
|
0-0: Foul Ball, location: 2F 0-1: Fly out, F8 (Line Drive, 8LD, EV 92.5 MPH)
|
|
Batting: RHB Henry Noble
|
0-0: Ball 1-0: Foul Ball, location: 2F 1-1: Ball 2-1: SINGLE (Groundball, 34D, EV 94.4 MPH)
|
|
Batting: LHB Dwight Taylor
|
0-0: Ball 1-0: Fly out, F7 (Flyball, 7S, EV 77.5 MPH)
|
|
Batting: LHB Curt Reed
|
0-0: Called Strike 0-1: Called Strike 0-2: Ball 1-2: SINGLE (Line Drive, 7S, EV 113.1 MPH) Henry Noble to second Henry Noble to third
|
|
Batting: RHB Bob Gergen
|
0-0: DOUBLE (Flyball, 89XD, EV 111.9 MPH) Henry Noble scores Curt Reed to third Runner from 3rd tries for Home, SAFE, throw by CF to home
|
|
Batting: LHB Benny Distefano
|
0-0: Ball 1-0: Swinging Strike 1-1: Called Strike 1-2: Fly out, F8 (Flyball, 8RXD, EV 110.0 MPH)
|
| Top of the 3rd over - 2 runs, 3 hits, 0 errors, 1 left on base; Coos Bay-North Bend 2 - Kennewick 3 |
| BOTTOM OF THE 3RD |
|
Kennewick Bear Cubs batting - Pitching for Coos Bay-North Bend Blue Soxs : RHP Leo Rico
|
|
Batting: SHB Eriberto Them
|
0-0: Ball 1-0: Ground out 4-3 (Groundball, 4, EV 106.3 MPH)
|
|
Batting: LHB Jose Birriel
|
0-0: Called Strike 0-1: Ball 1-1: Ball 2-1: Ball 3-1: Base on Balls
|
|
Batting: RHB Jonathan Black
|
0-0: Called Strike 0-1: Ball 1-1: Foul Ball, location: 2F 1-2: SINGLE (Flyball, 8LS, EV 93.1 MPH) Jose Birriel to second Runner from 2nd tries for 3rd, SAFE, no throw by CF
|
|
Batting: RHB Roger Jensen
|
0-0: Ball 1-0: Fly out, F9 (Flyball, 89D, EV 107.5 MPH) Runner from 3rd tags up, SCORES, throw by RF
|
|
Batting: RHB Ruben Machado
|
0-0: Called Strike 0-1: Foul Ball, location: 2F 0-2: Ball 1-2: Ball 2-2: Reached on error, E1 (Groundball, 13S, EV 68.8 MPH) Jonathan Black to third
|
|
Batting: LHB Shane Fairbanks
|
0-0: Called Strike 0-1: Ball 1-1: Called Strike 1-2: Fly out, F8 (Flyball, 8LD, EV 82.5 MPH)
|
| Bottom of the 3rd over - 1 run, 1 hit, 1 error, 2 left on base; Coos Bay-North Bend 2 - Kennewick 4 |
| TOP OF THE 4TH |
|
Coos Bay-North Bend Blue Soxs batting - Pitching for Kennewick Bear Cubs : LHP Ramon Mascorro
|
|
Batting: RHB Danny Quintana
|
0-0: Ball 1-0: Called Strike 1-1: Ball 2-1: Foul Ball, location: 2F 2-2: Foul Ball, location: 2F 2-2: Strikes out swinging
|
|
Batting: RHB James Stefanski
|
0-0: Called Strike 0-1: Ball 1-1: Ball 2-1: Ground out 5-3 (Groundball, 56S, EV 91.9 MPH)
|
|
Batting: RHB Carlos Salinas
|
0-0: Ground out 5-3 (Groundball, 5, EV 86.3 MPH)
|
| Top of the 4th over - 0 runs, 0 hits, 0 errors, 0 left on base; Coos Bay-North Bend 2 - Kennewick 4 |
| BOTTOM OF THE 4TH |
|
Kennewick Bear Cubs batting - Pitching for Coos Bay-North Bend Blue Soxs : RHP Leo Rico
|
|
Batting: LHB John Mizerock
|
0-0: Called Strike 0-1: Ball 1-1: Called Strike 1-2: Ground out 6-3 (Groundball, 6M, EV 103.8 MPH)
|
|
Batting: RHB William Nunez
|
0-0: SINGLE (Groundball, 5S, EV 68.8 MPH) (infield hit)
|
|
Batting: RHB Matthew Sferrazza
|
0-0: Ball 1-0: Ball 2-0: Ball 3-0: Called Strike 3-1: Base on Balls William Nunez to second
|
|
Batting: SHB Eriberto Them
|
0-0: Called Strike 0-1: Foul Ball, location: 2F 0-2: Ball 1-2: Foul Ball, location: 2F 1-2: Foul Ball, location: 2F 1-2: Ball 2-2: Fly out, F8 (Flyball, 8RD, EV 83.1 MPH)
|
|
Batting: LHB Jose Birriel
|
0-0: Ground out 4-3 (Groundball, 34, EV 90.6 MPH)
|
| Bottom of the 4th over - 0 runs, 1 hit, 0 errors, 2 left on base; Coos Bay-North Bend 2 - Kennewick 4 |
| TOP OF THE 5TH |
|
Coos Bay-North Bend Blue Soxs batting - Pitching for Kennewick Bear Cubs : LHP Ramon Mascorro
|
|
Batting: LHB Pat Castiglia
|
0-0: Ball 1-0: Ball 2-0: Called Strike 2-1: Swinging Strike 2-2: Ball 3-2: Strikes out swinging
|
|
Batting: RHB Henry Noble
|
0-0: Called Strike 0-1: Ball 1-1: Ball 2-1: Ball 3-1: Foul Ball, location: 2F 3-2: Base on Balls
|
|
Batting: LHB Dwight Taylor
|
0-0: Ball 1-0: Foul Ball, location: 2F 1-1: Fly out, F8 (Flyball, 8LS, EV 91.3 MPH)
|
|
Batting: LHB Curt Reed
|
0-0: Ball 1-0: Ball 2-0: Called Strike 2-1: Ground out 4-3 (Groundball, 34, EV 100.6 MPH)
|
| Top of the 5th over - 0 runs, 0 hits, 0 errors, 1 left on base; Coos Bay-North Bend 2 - Kennewick 4 |
| BOTTOM OF THE 5TH |
|
Kennewick Bear Cubs batting - Pitching for Coos Bay-North Bend Blue Soxs : RHP Leo Rico
|
|
Batting: RHB Jonathan Black
|
0-0: Ball 1-0: Called Strike 1-1: Ball 2-1: Ball 3-1: Base on Balls
|
|
Batting: RHB Roger Jensen
|
0-0: Ball 1-0: Ball 2-0: DOUBLE (Line Drive, 5D, EV 96.3 MPH) Jonathan Black to third Runner from 3rd tries for Home, SAFE, throw by LF to home
|
|
Batting: RHB Ruben Machado
|
0-0: Fly out, F8 (Flyball, 89D, EV 104.4 MPH) Runner from 2nd tags up, SAFE at 3rd, no throw by CF
|
|
Batting: LHB Shane Fairbanks
|
0-0: Ball 1-0: Ball 2-0: Fly out, F9 (Flyball, 89M, EV 94.4 MPH) Runner from 3rd tags up, SCORES, no throw by RF
|
|
Batting: LHB John Mizerock
|
0-0: Called Strike 0-1: Swinging Strike 0-2: Fly out, F7 (Flyball, 7LD, EV 105.0 MPH)
|
| Bottom of the 5th over - 2 runs, 1 hit, 0 errors, 0 left on base; Coos Bay-North Bend 2 - Kennewick 6 |
| TOP OF THE 6TH |
|
Coos Bay-North Bend Blue Soxs batting - Pitching for Kennewick Bear Cubs : LHP Ramon Mascorro
|
|
Batting: RHB Bob Gergen
|
0-0: Fly out, F8 (Flyball, 8RXD, EV 88.1 MPH)
|
|
Batting: LHB Benny Distefano
|
0-0: Swinging Strike 0-1: Called Strike 0-2: Ball 1-2: Ball 2-2: Ball 3-2: Fly out, F6 (Popup, 6, EV 51.9 MPH)
|
|
Batting: RHB Danny Quintana
|
0-0: Called Strike 0-1: Ground out 3-1 (Groundball, 34, EV 101.3 MPH)
|
| Top of the 6th over - 0 runs, 0 hits, 0 errors, 0 left on base; Coos Bay-North Bend 2 - Kennewick 6 |
| BOTTOM OF THE 6TH |
|
Kennewick Bear Cubs batting - Pitching for Coos Bay-North Bend Blue Soxs : RHP Leo Rico
|
|
Pitching: LHP Richard Baca
|
|
|
Batting: RHB William Nunez
|
0-0: Ball 1-0: Ground out 1-3 (Groundball, 15S, EV 70.6 MPH)
|
|
Batting: RHB Matthew Sferrazza
|
0-0: Ball 1-0: Ball 2-0: Ball 3-0: Called Strike 3-1: Base on Balls
|
|
Batting: SHB Eriberto Them
|
0-0: Ball 1-0: SINGLE (Flyball, 6MD, EV 91.3 MPH) Matthew Sferrazza to second
|
|
Batting: LHB Jose Birriel
|
0-0: Called Strike 0-1: SINGLE (Groundball, 34D, EV 100.0 MPH) Matthew Sferrazza to third Eriberto Them to second
|
|
Batting: RHB Jonathan Black
|
0-0: Called Strike 0-1: Ball 1-1: Ball 2-1: Ball 3-1: Called Strike 3-2: Base on Balls Matthew Sferrazza scores Eriberto Them to third Jose Birriel to second
|
|
Batting: RHB Roger Jensen
|
0-0: Called Strike 0-1: Fly out, F4 (Flyball, 34D, EV 85.0 MPH)
|
|
Batting: RHB Ruben Machado
|
0-0: Ball 1-0: Called Strike 1-1: Ball Wild Pitch! Eriberto Them scores Jose Birriel to third Jonathan Black to second 2-1: SINGLE (Groundball, 6MD, EV 93.8 MPH) Jose Birriel scores Jonathan Black to third Runner from 3rd tries for Home, SAFE, throw by CF to home
|
|
Pitching: RHP Mark Holton
|
|
|
Batting: LHB Shane Fairbanks
|
0-0: Ball 1-0: Fly out, F9 (Line Drive, 9, EV 87.5 MPH)
|
| Bottom of the 6th over - 4 runs, 3 hits, 0 errors, 1 left on base; Coos Bay-North Bend 2 - Kennewick 10 |
| TOP OF THE 7TH |
|
Coos Bay-North Bend Blue Soxs batting - Pitching for Kennewick Bear Cubs : LHP Ramon Mascorro
|
|
Batting: RHB James Stefanski
|
0-0: Called Strike 0-1: Ball 1-1: Ball 2-1: Ball 3-1: Base on Balls
|
|
Batting: RHB Carlos Salinas
|
0-0: SINGLE (Line Drive, 4M, EV 95.6 MPH) James Stefanski to second
|
|
Batting: LHB Pat Castiglia
|
0-0: Ball 1-0: Called Strike 1-1: Ball 2-1: Fly out, F3 (Popup, 3F, EV 79.4 MPH)
|
|
Pinch Hitting: SHB Donald Freeman
|
0-0: SINGLE (Line Drive, 56D, EV 94.4 MPH) James Stefanski to third Carlos Salinas to second Runner from 3rd tries for Home, SAFE, throw by LF to home
|
|
Batting: LHB Dwight Taylor
|
0-0: Ball 1-0: Foul Ball, location: 2F 1-1: Foul Ball, location: 2F 1-2: Strikes out looking
|
|
Batting: LHB Curt Reed
|
0-0: Ball 1-0: Ball 2-0: Fly out, F8 (Flyball, 89M, EV 85.0 MPH)
|
| Top of the 7th over - 1 run, 2 hits, 0 errors, 2 left on base; Coos Bay-North Bend 3 - Kennewick 10 |
| BOTTOM OF THE 7TH |
|
Kennewick Bear Cubs batting - Pitching for Coos Bay-North Bend Blue Soxs : RHP Mark Holton
|
|
Now at SS: Donald Freeman
|
|
|
Batting: LHB John Mizerock
|
0-0: Fly out, F7 (Flyball, 7S, EV 80.0 MPH)
|
|
Batting: RHB William Nunez
|
0-0: Fly out, F4 (Flyball, 4D, EV 90.0 MPH)
|
|
Pinch Hitting: LHB Russell Morena
|
0-0: DOUBLE (Line Drive, 7LS, EV 91.3 MPH)
|
|
Batting: SHB Eriberto Them
|
0-0: Called Strike 0-1: Ground out 4-3 (Groundball, 4MD, EV 103.8 MPH)
|
| Bottom of the 7th over - 0 runs, 1 hit, 0 errors, 1 left on base; Coos Bay-North Bend 3 - Kennewick 10 |
| TOP OF THE 8TH |
|
Coos Bay-North Bend Blue Soxs batting - Pitching for Kennewick Bear Cubs : LHP Ramon Mascorro
|
|
Now at 2B: Russell Morena
|
|
|
Batting: RHB Bob Gergen
|
0-0: Ball 1-0: Called Strike 1-1: Ball 2-1: Foul Ball, location: 2F 2-2: Strikes out swinging
|
|
Batting: LHB Benny Distefano
|
0-0: Ground out 6-3 (Groundball, 6S, EV 85.6 MPH)
|
|
Batting: RHB Danny Quintana
|
0-0: Ground out 6-3 (Groundball, 6M, EV 110.6 MPH)
|
| Top of the 8th over - 0 runs, 0 hits, 0 errors, 0 left on base; Coos Bay-North Bend 3 - Kennewick 10 |
| BOTTOM OF THE 8TH |
|
Kennewick Bear Cubs batting - Pitching for Coos Bay-North Bend Blue Soxs : RHP Mark Holton
|
|
Pinch Hitting: RHB Frederick Lovely
|
0-0: Foul Ball, location: 2F 0-1: Ball 1-1: Ball 2-1: Foul Ball, location: 2F 2-2: Ball 3-2: Strikes out swinging
|
|
Pinch Hitting: RHB Kenneth Whitfield
|
0-0: Called Strike 0-1: Ball 1-1: Ball 2-1: Called Strike 2-2: Foul Ball, location: 2F 2-2: DOUBLE (Line Drive, 3D, EV 97.5 MPH)
|
|
Pinch Hitting: LHB Wally Yo
|
0-0: Called Strike 0-1: Swinging Strike 0-2: Ball 1-2: Ball 2-2: Ball 3-2: Foul Ball, location: 2F 3-2: Base on Balls
|
|
Batting: RHB Ruben Machado
|
0-0: Called Strike 0-1: Swinging Strike 0-2: Fly out, F9 (Line Drive, 9, EV 94.4 MPH)
|
|
Batting: LHB Shane Fairbanks
|
0-0: Swinging Strike 0-1: Called Strike 0-2: Ball 1-2: Ball 2-2: Ground out 4-3 (Groundball, 34D, EV 100.6 MPH)
|
| Bottom of the 8th over - 0 runs, 1 hit, 0 errors, 2 left on base; Coos Bay-North Bend 3 - Kennewick 10 |
| TOP OF THE 9TH |
|
Coos Bay-North Bend Blue Soxs batting - Pitching for Kennewick Bear Cubs : LHP Ramon Mascorro
|
|
Now at 1B: Tony Diaz
|
|
|
Now in CF: Kenneth Whitfield
|
|
|
Now in RF: Wally Yo
|
|
|
Batting: RHB James Stefanski
|
0-0: Swinging Strike 0-1: Ground out 6-3 (Groundball, 6, EV 93.8 MPH)
|
|
Batting: RHB Carlos Salinas
|
0-0: Ground out 5-3 (Groundball, 56, EV 108.8 MPH)
|
|
Batting: LHB Pat Castiglia
|
0-0: Ball 1-0: Foul Ball, location: 2F 1-1: Ball 2-1: Ball 3-1: Foul Ball, location: 2F 3-2: Ground out 4-3 (Groundball, 34, EV 105.0 MPH)
|
| Top of the 9th over - 0 runs, 0 hits, 0 errors, 0 left on base; Coos Bay-North Bend 3 - Kennewick 10 |
|